 Dungeon Crawl Stone Soup version 0.24-a0-278-gefa1973 (webtiles) character file.

Game seed: 5865523270551437272

67 Lanoc the Skirmisher (level 3, -2/29 HPs)
             Began as a Mummy Chaos Knight on Apr 30, 2019.
             Was a Plaything of Xom.
             Slain by an orc
             ... wielding a +0 hand axe
              (6 damage)
             ... on level 3 of the Dungeon.
             The game lasted 00:02:00 (572 turns).

Lanoc the Skirmisher (Mummy Chaos Knight)            Turns: 572, Time: 00:02:01

Health: -2/29      AC:  5    Str: 15    XL:     3   Next: 98%
Magic:  3/3        EV: 11    Int: 11    God:    Xom [...*..]
Gold:   53         SH:  0    Dex: 12    Spells: 2/2 levels left

rFire    x . .     SeeInvis .   a - +0 mace (chaos)
rCold    + . .     Gourm    .   (no shield)
rNeg     + + +     Faith    .   b - +2 leather armour
rPois    ∞         Spirit   .   (no helmet)
rElec    .         Reflect  .   e - scarf {cloud immunity}
rCorr    .         Harm     .   (no gloves)
MR       .....                  (no boots)
Stlth    +.........             (no amulet)
HPRegen  0.09/turn              (no ring)
MPRegen  0.08/turn              (no ring)

@: no status effects
A: no food or potions, fire vulnerability, cold resistance 1, negative energy
resistance 3, torment resistance, unbreathing
a: Renounce Religion


You were on level 3 of the Dungeon.
You worshipped Xom.
You were a favourite toy of Xom.
You were not hungry.

You visited 1 branch of the dungeon, and saw 3 of its levels.

You collected 53 gold pieces.

Inventory:

Hand Weapons
 a - a +0 mace of chaos (weapon)
Armour
 b - a +2 leather armour (worn)
 e - a scarf of cloud immunity (worn)


   Skills:
 + Level 3.4 Fighting
 * Level 3.1 Maces & Flails
 + Level 2.1 Armour
 + Level 1.4 Dodging


You had 2 spell levels left.
You didn't know any spells.
Your spell library was empty.

Dungeon Overview and Level Annotations

Branches:
Dungeon (3/15)

Altars:

Annotations:
D:3 Grinder


Innate Abilities, Weirdness & Mutations

You do not eat or drink.
Your flesh is vulnerable to fire.
You are immune to poison.
Your flesh is cold resistant. (rC+)
You are immune to negative energy. (rN+++)
You are immune to unholy pain and torment.
You can survive without breathing.


Message History

You hit the orc.
The orc suddenly stops moving!
The orc is heavily wounded.
The helpless orc fails to defend itself.
You hit the orc. You freeze the orc.
You kill the orc!
A giant cockroach comes into view.
The orc closely misses you.
Found an opal ring.
The giant cockroach bites you but does no damage.
You hit the giant cockroach but do no damage.
The giant cockroach appears confused.
The giant cockroach bites you.
* * * LOW HITPOINT WARNING * * *
The giant cockroach bites you but does no damage.
The orc hits you with a +0 hand axe.
* * * LOW HITPOINT WARNING * * *
You hit the giant cockroach.
The giant cockroach is heavily wounded.
The orc hits you with a +0 hand axe.
You die...
Xom is highly amused!

#..#...........#.#...#
#.........o.o..'....
##.#.#......)..#
#+#.g.###..........
......#o# #.....####.
......#5# #........
......#r# #.....###
..... #o# #.....# ..
#@# #...### . #s#
#.### #.. #... .....
...... .=.....
......... .


You could see Grinder, 2 orcs, a giant cockroach (confused), a hobgoblin and a
rat.

Vanquished Creatures
  An orc wizard (D:3)
  An adder (D:3)
  A dart slug (D:1)
  6 orcs (D:3)
  6 bats
  2 giant cockroaches
  A goblin (D:3)
  2 hobgoblins
  A jackal (D:1)
  A frilled lizard (D:1)
  3 rats (D:1)
25 creatures vanquished.

Vanquished Creatures (collateral kills)
  A jackal (D:1)
1 creature vanquished.

Grand Total: 26 creatures vanquished

Notes
Turn   | Place    | Note
-------+----------+-------------------------------------------
     0 | D:1      | Lanoc the Mummy Chaos Knight began the quest for the Orb.
     0 | D:1      | Reached XP level 1. HP: 18/18 MP: 1/1
   147 | D:1      | Reached skill level 1 in Dodging
   151 | D:1      | Reached XP level 2. HP: 19/24 MP: 2/2
   280 | D:2      | XOM: silly message
   290 | D:2      | XOM: harmless Ice miscast
   385 | D:3      | XOM: 5-stop teleportation journey
   418 | D:3      | XOM: 1-stop teleportation journey
   535 | D:3      | Noticed Grinder
   542 | D:3      | Reached XP level 3. HP: 20/29 MP: 3/3
   572 | D:3      | Slain by an orc

Levels and vault maps discovered:
D:1:      ebering_trefoil_twist, layout_loops_corners, minmay_misc_feat_roman,
          roderic_filled_cross
D:2:      layout_basic
D:3:      layout_basic, uniq_grinder

Skill      XL: |  1  2  3 |
---------------+----------+-----
Dodging        | 1 |  1.4
Maces & Flails | 3 |  3.1
Armour         | 2 |  2.1
Fighting       | |  3.4

Action                   || total
-------------------------++-------
Melee: Mace              ||   107
  Use: Scroll            ||     3
 Stab: Distracted        ||     1
       Paralysed         ||     1
Armor: Leather armour    ||    55
Dodge: Dodged            ||   104

Table legend:
 A = Non-vault XP
 B = Vault XP
 C = Vault XP percentage of total XP
 D = Non-vault monster count
 E = Vault monster count
 F = Vault count percentage of total count
                 A         B        C        D         E       F
            +---------+---------+-------+---------+---------+-------
      Total |      96 |       0 |   0.0 |      26 |       0 |   0.0
            +---------+---------+-------+---------+---------+-------
        D:1 |      17 |       0 |   0.0 |      11 |       0 |   0.0
        D:2 |       6 |       0 |   0.0 |       3 |       0 |   0.0
        D:3 |      73 |       0 |   0.0 |      12 |       0 |   0.0
            +---------+---------+-------+---------+---------+-------
